 Dungeon Crawl Stone Soup version 0.19-a0-866-ga8d832c (webtiles) character file.

1628 Doomgape the Cleaver (level 8, -1/67 HPs)
             Began as a Green Draconian Fighter on July 3, 2016.
             Was a Believer of Hepliaklqana.
             Shot with an arrow by a centaur (14 damage)
             ... on level 6 of the Dungeon.
             The game lasted 00:22:08 (4565 turns).

Doomgape the Cleaver (Green Draconian Fighter)      Turns: 4565, Time: 00:22:09

Health: -1/67      AC:  6    Str: 20    XL:     8   Next: 65%
Magic:  8/8        EV: 11    Int: 10    God:    Hepliaklqana [**....]
Gold:   309        SH: 10    Dex: 15    Spells: 0 memorised, 7 levels left

rFire  . . .     SeeInvis +     v - +3 war axe (venom)
rCold  . . .     Gourm    .     (armour unavailable)
rNeg   . . .     Faith    .     b - +0 shield
rPois  +         Spirit   .     D - +0 hat
rElec  .         Dismiss  .     (no cloak)
rCorr  .         Reflect  .     (no gloves)
SustAt .         Harm     .     (no boots)
MR     .....                    (no amulet)
Stlth  +.........               o - +5 ring of dexterity
                                y - ring of see invisible

@: not resistant to hostile enchantments, very unstealthy
A: breathe noxious fumes, unfitting armour, poison resistance, cold-blooded, AC
+6
a: Breathe Noxious Fumes, Recall Ancestor, Ancestor Identity, Renounce Religion


You were on level 6 of the Dungeon.
You worshipped Hepliaklqana.
Hepliaklqana was pleased with you.
You were not hungry.

You visited 1 branch of the dungeon, and saw 6 of its levels.

You collected 309 gold pieces.

Inventory:

Hand Weapons
 a - a +0 war axe
 v - a +3 war axe of venom (weapon)
 E - the +7 falchion of the Lettuce {pain, -Tele Int+2 Dex+4}
   (You found it on level 6 of the Dungeon)

   In the hands of one skilled in necromantic magic, it inflicts extra damage on
   living creatures.
   It affects your intelligence (+2).
   It affects your dexterity (+4).
   It prevents most forms of teleportation.
Missiles
 s - 3 tomahawks of returning (quivered)
Armour
 b - a +0 shield (worn)
 D - a +0 hat (worn)
Jewellery
 i - an uncursed ring of sustain attributes
 o - a +5 ring of dexterity (right hand)
 y - a ring of see invisible (left hand)
Wands
 u - a wand of digging (8/24)
Scrolls
 g - 6 scrolls of identify
 m - a scroll of blinking
 p - 2 scrolls of magic mapping
 q - 5 scrolls of teleportation
 t - 3 scrolls of remove curse
 x - a scroll of noise
 A - a scroll of enchant armour {unknown}
Potions
 c - 2 potions of might
 e - a potion of agility {unknown}
 f - a potion of invisibility {unknown}
 l - a potion of cure mutation
 w - 2 potions of degeneration {unknown}
 z - 2 potions of brilliance {unknown}
 B - 2 potions of cancellation {unknown}
 C - 2 potions of haste {unknown}
 F - a potion of heal wounds {unknown}
Books
 k - a book of Misfortune

   Spells                             Type                      Level
   a - Confusing Touch                Hexes                        1
   b - Confuse                        Hexes                        3
   c - Gell's Gravitas                Hexes/Translocation          3
   d - Petrify                        Transmutation/Earth          4
   e - Metabolic Englaciation         Hexes/Ice                    5
   f - Yara's Violent Unravelling     Hexes/Transmutation          5
Comestibles
 d - 3 bread rations
 h - a beef jerky
 n - 4 meat rations
 G - 3 fruits


   Skills:
 + Level 4.5 Fighting
 - Level 10.4 Axes
 - Level 2.6 Dodging
 - Level 3.9 Shields


You had 7 spell levels left.
You didn't know any spells.

Dungeon Overview and Level Annotations

Branches:
Dungeon (6/15)             Temple (0/1) D:6

Altars:
Elyvilon
Hepliaklqana
Makhleb
Okawaru
Trog
Xom

Shops:
D:6 :


Innate Abilities, Weirdness & Mutations

You can breathe blasts of noxious fumes.
Your lurid green scales are hard. (AC +6)
Your body does not fit into most forms of armour.
Your system is resistant to poisons. (rPois)
You are cold-blooded and may be slowed by cold attacks.


Message History

Vasya the Great blocks something's attack.
Something barely misses Vasya the Great.
Something hits Vasya the Great but does no damage.
The centaur wields an uncursed shortbow of freezing.
It is covered in frost.
The centaur shoots an arrow.
The arrow hits Vasya the Great but does no damage.
Vasya the Great barely misses the centaur.
What do you say? t - Shout!
Orders for allies: a - Attack new target. p - Attack previous target. r - Retreat! s - Stop attacking. w - Wait here. f - Follow me.
Anything else - Stay silent.
Gang up on whom?
Press: ? - help, Dir - move target cursor, f/p - centaur
Aim: a centaur, wielding a shortbow of freezing (heavily wounded) Attack!
The centaur shoots an arrow.
The arrow closely misses Vasya the Great.
The arrow hits you!
You die...

##...).## ##........
#.......... #.............
#.............
#.............
#.............
#.@............
######R............
..##...§c#.....##.....###
......§.((....†##.# #...##
.......(((.###.##.####..##
....%.(...................
.........).##......#......
.....>.....##.###......(#.
...........##....#.#......


You could see the friendly Vasya the Great the knight and a centaur.

Vanquished Creatures
  Grinder (D:4)
  A water moccasin (D:5)
  A sky beast (D:5)
  A phantom (D:6)
  Blork the orc (D:4)
  A giant frog (D:6)
  A scorpion (D:5)
  A howler monkey (D:5)
  A crimson imp (D:5)
  A jelly (D:5)
  3 hounds (D:5)
  2 iguanas (D:6)
  Natasha (thrice) (D:3 D:4)
  Terence (D:3)
  2 orc wizards (D:6)
  5 worker ants
  4 gnolls
  3 adders
  2 oozes
  5 worms
  3 dart slugs
  6 giant geckos
  4 orcs
  8 bats
  7 giant cockroaches
  9 goblins
  10 hobgoblins
  6 jackals
  A quokka (D:3)
  11 giant newts
  13 kobolds
  A quokka skeleton (D:6)
  9 rats
128 creatures vanquished.

Vanquished Creatures (collateral kills)
  An ogre (D:5)
  A centaur (D:6)
  A crimson imp (D:5)
  A hound (D:4)
  A hound skeleton (D:6)
  2 gnolls (D:6)
  A giant gecko (D:5)
  An orc (D:6)
9 creatures vanquished.

Grand Total: 137 creatures vanquished

Notes
Turn   | Place    | Note
-------+----------+-------------------------------------------
     0 | D:1      | Doomgape the Draconian Fighter began the quest for the Orb.
     0 | D:1      | Reached XP level 1. HP: 19/19 MP: 1/1
    38 | D:1      | Reached XP level 2. HP: 25/26 MP: 2/2
   200 | D:1      | Reached skill level 3 in Axes
   428 | D:1      | Reached XP level 3. HP: 29/31 MP: 3/3
  1040 | D:2      | Reached skill level 4 in Axes
  1274 | D:2      | Reached XP level 4. HP: 27/38 MP: 4/4
  1732 | D:2      | Found an iron altar of Okawaru.
  1963 | D:3      | Reached skill level 5 in Axes
  2022 | D:3      | Noticed Natasha
  2030 | D:3      | Killed Natasha
  2030 | D:3      | Reached XP level 5. HP: 34/45 MP: 5/5
  2168 | D:3      | Noticed Natasha
  2180 | D:3      | Killed Natasha
  2322 | D:3      | Noticed Terence
  2330 | D:3      | Killed Terence
  2346 | D:3      | Found a faded altar of an unknown god.
  2500 | D:4      | Noticed Blork the orc
  2507 | D:4      | Killed Blork the orc
  2507 | D:4      | Reached skill level 6 in Axes
  2507 | D:4      | Reached XP level 6. HP: 47/51 MP: 6/6
  2577 | D:4      | Noticed Grinder
  2584 | D:4      | Killed Grinder
  2584 | D:4      | Reached skill level 7 in Axes
  2584 | D:4      | Your scales start taking on a lurid green colour.
  2584 | D:4      | Reached XP level 7. HP: 37/57 MP: 7/7
  2584 | D:4      | Gained mutation: Your system is resistant to poisons. (rPois) [Green Draconian growth]
  2650 | D:4      | Noticed Natasha
  2655 | D:4      | Killed Natasha
  2656 | D:4      | Found a bloodstained altar of Trog.
  2656 | D:4      | Found a burning altar of Makhleb.
  2669 | D:4      | Found a hazy altar of Hepliaklqana.
  2673 | D:4      | Became a worshipper of Hepliaklqana
  3026 | D:4      | Found a white marble altar of Elyvilon.
  3222 | D:4      | Found a shimmering altar of Xom.
  3275 | D:5      | Entered Level 5 of the Dungeon
  3346 | D:5      | Reached * piety under Hepliaklqana
  3387 | D:5      | Reached skill level 8 in Axes
  3567 | D:5      | Reached skill level 9 in Axes
  3633 | D:5      | Reached XP level 8. HP: 63/63 MP: 8/8
  3719 | D:5      | Reached ** piety under Hepliaklqana
  3720 | D:5      | Remembered your ancestor Vasya the Great as a knight
  4218 | D:6      | Reached skill level 10 in Axes
  4226 | D:6      | Got a scorched falchion
  4227 | D:6      | Identified the +7 falchion of the Lettuce {pain, -Tele Int+2 Dex+4} (You found it on level 6 of the Dungeon)
  4231 | D:6      | Found Nirha's Book Boutique.
  4361 | D:6      | Found a staircase to the Ecumenical Temple.
  4552 | D:6      | HP: 3/67 [centaur/arrow (3)]
  4565 | D:6      | Shot with an arrow by a centaur

Vault maps used:
D:1:      grunt_arrival_crossed_arrows
D:2:      marbit_many_paths
D:3:      ecumenical_altar_1, due_unseen_surprise, uniq_natasha, uniq_terence
D:4:      grunt_temple_overflow_cloverleaf, tgw_xom, uniq_grinder,
          uniq_blork_the_orc
D:5:      first_bread
D:6:      serial_shops, nicolae_shop_statue_plus

Skill      XL: |  1  2  3  4  5  6  7  8 |
---------------+-------------------------+-----
Axes           | 3 4 5 6 7 9 10 | 10.4
Fighting       | 4 |  4.5
Dodging        | |  2.6
Shields        | |  3.9

Action                   |  1- 3 |  4- 6 |  7- 9 || total
-------------------------+-------+-------+-------++-------
Melee: War axe           |   134 |   123 |    96 ||   353
       Tailslap          |    19 |    20 |    18 ||    57
Throw: Tomahawk          |       |       |     1 ||     1
Invok: Ancestor Identity |       |       |     1 ||     1
       Ancestor Life: Kn |       |       |     1 ||     1
Evoke: Wand              |       |       |     1 ||     1
  Use: Scroll            |     1 |    10 |     2 ||    13
       Potion            |       |     1 |     4 ||     5
 Stab: Sleeping          |       |     1 |     1 ||     2
       Invisible         |       |       |     2 ||     2
       Distracted        |       |       |     1 ||     1
  Eat: Chunk             |     1 |     5 |     3 ||     9
       Fruit             |       |       |     4 ||     4
Armor: Skin              |    51 |    43 |    11 ||   105
Dodge: Dodged            |    59 |    59 |    37 ||   155
Block: Shield            |    91 |    68 |    42 ||   201
